 Seeded DCSS version 0.29-a0-676-ga64570c9d2 (webtiles) character file.

Game seed: 11281427841516483749 (custom seed)

1838 zeratav the Archer (level 9, -4/52 HPs)
             Began as a Tengu Hunter on June 24, 2022.
             Was a Priest of Okawaru.
             Slain by an unseen horror (5 damage)
             ... on level 10 of the Dungeon.
             The game lasted 00:13:00 (5841 turns).

zeratav the Archer (Tengu Hunter)                   Turns: 5841, Time: 00:13:01

Health: -4/52      AC:  4    Str: 11    XL:     9   Next: 11%
Magic:  12/12      EV: 21    Int: 16    God:    Okawaru [***...]
Gold:   352        SH:  0    Dex: 22    Spells: 8/8 levels left

rFire   . . .      SeeInvis .   a - +3 shortbow {bow}
rCold   . . .      Faith    .   (shield currently unavailable)
rNeg    . . .      Spirit   .   b - +1 leather armour
rPois   .          Reflect  .   (helmet restricted)
rElec   .          Harm     .   (no cloak)
rCorr   .          Rampage  .   (no gloves)
Will    .....                   (boots unavailable)
Stlth   +++.......              (no amulet)
HPRegen 0.17/turn               k - +4 ring of evasion
MPRegen 0.13/turn               o - +6 ring of intelligence

@: flying quickly and evasively, quick
A: beak, talons 3, nimble flight
a: Renounce Religion, Heroism


You were on level 10 of the Dungeon.
You worshipped Okawaru.
Okawaru was most pleased with you.
You visited 1 branch of the dungeon, and saw 8 of its levels.

You collected 352 gold pieces.


Innate Abilities, Weirdness & Mutations

You have a beak for a mouth.
You have claws for feet.
Your magical nature lets you fly swiftly and evasively.


   Skills:
 + Level 3.8 Fighting
 + Level 10.6 Bows
 + Level 4.2 Dodging
 - Level 5.0 Stealth
 + Level 2.7 Invocations


You had 8 spell levels left.
You didn't know any spells.
Your spell library contained the following spells:

 Spells                   Type           Power      Damage    Failure   Level
 Freeze                   Ice            0%         1d3       32%         1
 Blink                    Tloc           0%         N/A       45%         2
 Static Discharge         Conj/Air       0%         N/A       45%         2
 Frozen Ramparts          Ice            0%         1d2       69%         3
 Inner Flame              Hex/Fire       0%         N/A       69%         3
 Lesser Beckoning         Tloc           0%         N/A       69%         3
 Cause Fear               Hex            0%         N/A       97%         4
 Hailstorm                Conj/Ice       0%         3d3       97%         4
 Lightning Bolt           Conj/Air       0%         1d11      100%        5
 Manifold Assault         Tloc           0%         N/A       100%        5
 Discord                  Hex            0%         N/A       100%        8
 Maxwell's Capacitive Co  Air            0%         ∞         100%        8

Inventory:

Hand Weapons
 a - a +3 shortbow (weapon) {bow}
Armour
 b - a +1 leather armour (worn)
Jewellery
 k - a +4 ring of evasion (left hand)
   (You took it off a kobold on level 3 of the Dungeon)
 o - a +6 ring of intelligence (right hand)
   (You found it on level 3 of the Dungeon)
Wands
 l - a wand of flame (18)
   (You found it on level 5 of the Dungeon)
Scrolls
 c - a scroll of immolation {!r!r}
 d - 3 scrolls of identify {@r1}
 p - a scroll of teleportation {unknown}
Potions
 e - a potion of heal wounds {@q2}
 f - 2 potions of mutation {!q}
 i - a potion of flight
 j - a potion of ambrosia {unknown}
 m - a potion of invisibility {unknown}
 n - a potion of brilliance {unknown}
Miscellaneous
 g - a phial of floods
   (You found it on level 10 of the Dungeon)

Dungeon Overview and Level Annotations

Branches:
Dungeon (10/15) Zot: 26431  Temple (0/1) D:5
   Lair: D:8-11         Orc: D:9-12

Altars:
Cheibriados
Okawaru
Wu Jian

Shops:
D:2 (

Annotations:
D:6 2 transporters, Foxy's ghost, novice TrFi

.............#.....#.......
.........#..#....#.......
#.....#....#...#'###.## #..
##....#......#..#.###.## ...
#..........)..#.#....... ...
+...............#.......
#..##.###....#######.###..#
##..##'#########..###.###..#
#..........@..'....#.......#
#.............#....#.......#
#.....[.......#....#.......#
##.....#########..##########
####### #..# ..... ........
...###.##.# ## #.# .#


There were no monsters in sight!


Message History

There is an open door here.
You now have 307 gold pieces (gained 22).
You reach down and open the door.
There is an open door here.
g - a phial of floods You now have 331 gold pieces (gained 24).
There is an open door here.
A centaur comes into view.
The centaur shouts!
The centaur wields a +0 shortbow.
The centaur shoots an arrow.
The arrow misses you.
You shoot an arrow. The arrow hits the centaur!
The centaur shoots an arrow.
The arrow closely misses you.
You shoot an arrow. The arrow hits the centaur.
The centaur shoots an arrow.
The arrow hits you!
The centaur shoots an arrow.
The arrow hits you.
HP[-12]
You take 12 damage, and now have 40/52 hp.
MASSIVE DAMAGE!! (PAUSE)
You shoot an arrow. The arrow hits the centaur.
HP[+1]
You shoot an arrow. The arrow barely misses the centaur.
The centaur shoots an arrow.
The arrow misses you.
The centaur shoots an arrow.
The arrow hits you!
HP[-8]
You take 8 damage, and now have 33/52 hp.
You are too injured to fight recklessly!
You are too injured to fight recklessly!
You are too injured to fight recklessly!
You are too injured to fight recklessly!
The centaur shoots an arrow.
The arrow hits you!
* * * LOW HITPOINT WARNING * * *
HP[-10]
You take 10 damage, and now have 23/52 hp.
Are you sure you want to abandon this character and quit the game? (Confirm with "yes".)
Okay, then.
Shoot: a) +3 shortbow {bow}
Press: ? - help, Q - select action, (/) - cycle Shift-Dir - straight line, f/p - centaur
Aim: a centaur, wielding a +0 shortbow (almost dead, 79% to hit)
You shoot an arrow. The arrow hits the centaur.
The centaur shoots an arrow.
The arrow closely misses you.
The centaur shoots an arrow.
The arrow completely misses you.
Shoot: a) +3 shortbow {bow}
Press: ? - help, Q - select action, (/) - cycle Shift-Dir - straight line, f/p - centaur
Aim: a centaur, wielding a +0 shortbow (almost dead, 79% to hit)
You shoot an arrow. The arrow hits the centaur!
You kill the centaur!
Okawaru accepts your kill.
You start resting.
HP[+29] MP[+1]
Your hp is fully restored (52).
Your mp is fully restored (12).
Things that are here:
a +0 shortbow {bow}; a centaur corpse You now have 352 gold pieces (gained 21).
You reach down and open the door.
There is an open door here.
You see here a +0 pair of boots.
As you open the door, it creaks loudly!
There is an open door here.
Deactivating autopickup; reactivate with Ctrl-A.
You closely miss something. Your kick misses something. You peck something.
Something hits you. x2
HP[-12]
You take 12 damage, and now have 40/52 hp.
MASSIVE DAMAGE!! (PAUSE) Shoot: a) +3 shortbow {bow}
Press: ? - help, Q - select action, (/) - cycle Shift-Dir - straight line You shoot an arrow.
Something hits you.
HP[-2]
You take 2 damage, and now have 38/52 hp.
Shoot: a) +3 shortbow {bow}
Press: ? - help, Q - select action, (/) - cycle Shift-Dir - straight line You shoot an arrow.
Something hits you.
HP[-6]
You take 6 damage, and now have 32/52 hp.
Something hits you!
* * * LOW HITPOINT WARNING * * *
Something hits you.
* * * LOW HITPOINT WARNING * * *
Something barely misses you.
HP[-9]
You take 9 damage, and now have 23/52 hp.
Something hits you.
* * * LOW HITPOINT WARNING * * *
There is an open door here.
Something hits you!
* * * LOW HITPOINT WARNING * * *
Something completely misses you.
HP[-9]
You take 9 damage, and now have 14/52 hp.
Something hits you.
* * * LOW HITPOINT WARNING * * *
Something hits you!
* * * LOW HITPOINT WARNING * * *
HP[-13]
You take 13 damage, and now have 1/52 hp.
MASSIVE DAMAGE!! (PAUSE)
Something hits you.
You die...

Skill      XL: |  1  2  3  4  5  6  7  8  9 |
---------------+----------------------------+-----
Stealth        | 2 3 4 5 |  5.0
Bows           | 6 7 9 10 | 10.6
Invocations    | 2 |  2.7
Dodging        | 3 4 |  4.2
Fighting       | 3 |  3.8

Action                   |  1- 3 |  4- 6 |  7- 9 || total
-------------------------+-------+-------+-------++-------
Melee: Shortbow          |       |       |     1 ||     1
       Peck              |       |       |     1 ||     1
 Fire: Shortbow          |    57 |   111 |   208 ||   376
  Use: Scroll            |       |     7 |     2 ||     9
       Potion            |       |       |     6 ||     6
Armor: Leather armour    |     3 |     3 |    12 ||    18
Dodge: Dodged            |     6 |    42 |   109 ||   157

Levels and vault maps discovered:
D:1:      nzn_arrival_crosshair, layout_basic,
          dilly_ecumenical_altar_fadedgnrine
D:2:      layout_loops_ring, serial_shops, nicolae_shop_hallway_stairs,
          uniq_jessica
D:3:      layout_basic
D:4:      layout_rooms, grunt_temple_overflow_open, overflow_temple_1_default,
          minmay_liquid_box, uniq_menkaure
D:5:      layout_basic, minmay_temple_entry_offerings, grunt_ministairs_14
D:6:      layout_loops_ring, gammafunk_ghost_stat_death, uniq_eustachio
D:9:      layout_irregular_city, mainiacjoe_overflow_alcove_4, lair_entry_dummy
D:10:     layout_gridville, eino_small_chamber_without_monster,
          hangedman_decor_opposing

Notes
Turn   | Place    | Note
-------+----------+-------------------------------------------
     0 | D:1      | zeratav the Tengu Hunter began the quest for the Orb.
     0 | D:1      | Reached XP level 1. HP: 12/12 MP: 2/2
     0 | D:1      | magus.rc [v1.9.6]
   350 | D:1      | Reached skill level 2 in Stealth
   350 | D:1      | Reached XP level 2. HP: 17/17 MP: 3/3
   618 | D:1      | Found a faded altar of an unknown god.
   944 | D:2      | Reached skill level 3 in Stealth
   990 | D:2      | Reached XP level 3. HP: 21/21 MP: 4/4
  1086 | D:2      | You pick up a book of Lightning and begin reading...
  1086 | D:2      | You add the spells Static Discharge, Lightning Bolt and
                  | Maxwell's Capacitive Coupling to your library.
  1094 | D:2      | Noticed Jessica
  1099 | D:2      | Killed Jessica
  1100 | D:2      | Reached skill level 4 in Stealth
  1100 | D:2      | Reached XP level 4. HP: 26/26 MP: 5/5
  1345 | D:2      | Found Semp's Weapon Emporium.
  1605 | D:3      | You pick up a book of Frost and begin reading...
  1605 | D:3      | You add the spells Freeze, Frozen Ramparts and Hailstorm to
                  | your library.
  2125 | D:3      | Reached skill level 5 in Stealth
  2262 | D:4      | Noticed a water moccasin
  2343 | D:4      | Found an ornate altar of the Wu Jian Council.
  2345 | D:4      | Found a snail-covered altar of Cheibriados.
  2349 | D:4      | Gained mutation: Your magical nature lets you fly swiftly
                  | and evasively. [Tengu growth]
  2349 | D:4      | Reached XP level 5. HP: 30/30 MP: 6/6
  2546 | D:4      | Reached skill level 5 in Bows
  2547 | D:4      | Found an iron altar of Okawaru.
  2552 | D:4      | Became a worshipper of Warmaster Okawaru
  2603 | D:4      | You pick up a book of Spatial Translocations and begin
                  | reading...
  2603 | D:4      | You add the spells Blink, Lesser Beckoning and Manifold
                  | Assault to your library.
  2614 | D:4      | Killed a water moccasin
  2615 | D:4      | Reached skill level 6 in Bows
  2615 | D:4      | Reached XP level 6. HP: 22/35 MP: 7/7
  2742 | D:4      | Noticed Menkaure
  2749 | D:4      | Killed Menkaure
  2749 | D:4      | Reached * piety under Okawaru
  2750 | D:4      | Reached skill level 7 in Bows
  2902 | D:4      | Reached XP level 7. HP: 40/40 MP: 8/8
  3206 | D:5      | Entered Level 5 of the Dungeon
  3497 | D:5      | Reached skill level 8 in Bows
  3741 | D:5      | Found a staircase to the Ecumenical Temple.
  3748 | D:5      | You pick up a book of Hexes and begin reading...
  3748 | D:5      | You add the spells Inner Flame, Cause Fear and Discord to
                  | your library.
  3899 | D:5      | Reached ** piety under Okawaru
  3900 | D:5      | Reached skill level 9 in Bows
  3943 | D:6      | Found a transporter.
  3946 | D:6      | Noticed Foxy's ghost (novice TrFi)
  3966 | D:6      | Reached XP level 8. HP: 39/44 MP: 9/9
  4033 | D:6      | Reached skill level 10 in Bows
  4149 | D:6      | Found a transporter.
  4293 | D:6      | Noticed Eustachio
  4392 | D:6      | Killed Eustachio
  4393 | D:6      | Reached skill level 1 in Invocations
  4521 | D:6      | Reached skill level 3 in Dodging
  4815 | D:5      | Reached skill level 3 in Fighting
  4922 | D:5      | HP: 11/46 [poisoned by a gnoll sergeant]
  4927 | D:5      | HP: 8/46 [poisoned by a gnoll sergeant]
  5200 | D:6      | You are sucked into a shaft and drop 3 floors!
  5237 | D:9      | Noticed a yak
  5243 | D:9      | Noticed a yak
  5245 | D:9      | Killed a yak
  5245 | D:9      | Reached *** piety under Okawaru
  5246 | D:9      | Reached skill level 2 in Invocations
  5260 | D:10     | Entered Level 10 of the Dungeon
  5267 | D:10     | HP: 6/46 [killer bee (6)]
  5268 | D:10     | Reached XP level 9. HP: 6/51 MP: 11/11
  5269 | D:10     | HP: 2/51 [killer bee (7)]
  5274 | D:10     | HP: 12/51 [killer bee (1)]
  5275 | D:10     | HP: 5/51 [killer bee (3)]
  5278 | D:10     | Reached skill level 4 in Dodging
  5565 | D:10     | magus.rc [v1.9.6]
  5840 | D:10     | HP: 9/52 [something (5)]
  5840 | D:10     | HP: 1/52 [something (8)]
  5841 | D:10     | Slain by an unseen horror

Vanquished Creatures
  A yak (D:9)
  Eustachio (D:6)
  Menkaure (D:4)
  An ice beast (D:6)
  A water moccasin (D:4)
  2 centaurs
  2 phantoms (D:5)
  2 bullfrogs (D:6)
  A necrophage (D:5)
  A gnoll sergeant (D:5)
  A scorpion (D:6)
  3 killer bees (D:10)
  3 hounds
  2 jellies
  Jessica (D:2)
  4 iguanas
  3 gnolls
  7 adders
  An ufetubus (D:6)
  A worm (D:4)
  4 dart slugs
  10 orcs
  9 ball pythons
  3 endoplasms
  3 giant cockroaches
  5 goblins
  3 hobgoblins
  3 jackals (D:2)
  8 quokkas
  6 bats
  4 frilled lizards
  14 kobolds
  2 rats (D:2)
113 creatures vanquished.

Table legend:
 A = Non-vault XP
 B = Vault XP
 C = Vault XP percentage of total XP
 D = Non-vault monster count
 E = Vault monster count
 F = Vault count percentage of total count
                 A         B        C        D         E       F
            +---------+---------+-------+---------+---------+-------
      Total |    2186 |     440 |  16.8 |     108 |       5 |   4.4
            +---------+---------+-------+---------+---------+-------
        D:1 |      19 |       0 |   0.0 |      12 |       0 |   0.0
        D:2 |      50 |      37 |  42.5 |      23 |       1 |   4.2
        D:3 |      55 |       0 |   0.0 |      20 |       0 |   0.0
        D:4 |     317 |     172 |  35.2 |      22 |       1 |   4.3
        D:5 |     575 |      43 |   7.0 |      14 |       2 |  12.5
        D:6 |     657 |     188 |  22.2 |      11 |       1 |   8.3
        D:9 |     219 |       0 |   0.0 |       2 |       0 |   0.0
       D:10 |     294 |       0 |   0.0 |       4 |       0 |   0.0
            +---------+---------+-------+---------+---------+-------

Illustrated notes

Table legend:
 A = Kills in this place as a percentage of kills in entire the game.
 B = Kills by you in this place as a percentage of kills by you in the entire game.
 C = Kills by friends in this place as a percentage of kills by friends in the entire game.
 D = Other kills in this place as a percentage of other kills in the entire game.
 E = Experience gained in this place as a percentage of experience gained in the entire game.
 F = Experience gained in this place divided by the number of levels of this place that you have seen.
                   A       B       C       D       E      F
               +-------+-------+-------+-------+-------+----------------------
         Total | 100.0 | 100.0 |   N/A |   N/A | 100.0 | 328.2
       Dungeon | 100.0 | 100.0 |   N/A |   N/A | 100.0 | 328.2
               +-------+-------+-------+-------+-------+----------------------

Table legend: (Time is in decaauts)
 A = Elapsed time spent in this place.
 B = Non-inter-level travel time spent in this place.
 C = Inter-level travel time spent in this place.
 D = Time resting spent in this place.
 E = Time spent auto-exploring this place.
 F = Levels seen in this place.
 G = Mean time per level.
                   A        B        C        D        E       F      G
               +--------+--------+--------+--------+--------+-----+--------+
         Total |   5766 |   5583 |    183 |   1359 |   3250 |   8 |  720.8 |
       Dungeon |   5766 |   5583 |    183 |   1359 |   3250 |   8 |  720.8 |
               +--------+--------+--------+--------+--------+-----+--------+

Top non-repeatable levels by time:
     D:5: 1244 daAuts
     D:1: 890 daAuts
     D:4: 885 daAuts
     D:2: 732 daAuts
     D:3: 710 daAuts
     D:6: 679 daAuts
    D:10: 568 daAuts
     D:9: 55 daAuts
